 Dungeon Crawl Stone Soup version 0.30-a0-1160-g6e42c06551 (webtiles) character file.

Game seed: 12900154118621183163

202 retardedninja the Firebug (level 5, -3/38 HPs)
             Began as a Gnoll Fire Elementalist on Apr 25, 2023.
             Killed by divine providence
             ... invoked by an orc priest
              (10 damage)
             ... on level 4 of the Dungeon.
             The game lasted 00:05:28 (4120 turns).

retardedninja the Firebug (Gnoll Fire Elementalist) Turns: 4120, Time: 00:05:28

Health: -3/38      AC:  7    Str:  8    XL:     5   Next: 80%
Magic:  3/12       EV: 13    Int: 16    God:
Gold:   130        SH:  0    Dex: 12    Spells: 11/14 levels left

rFire   + . .        w - +0 morningstar
rCold   . . .        (no shield)
rNeg    . . .        s - +0 robe
rPois   .            t - +0 helmet
rElec   .            (no cloak)
rCorr   .            (no gloves)
SInv    .            (no boots)
Will    .....        h - amulet of regeneration
Stlth   +++          l - +4 ring of protection
HPRegen 1.06/turn    q - ring of protection from fire
MPRegen 0.13/turn

%: no passive effects
@: flying
A: fangs 1, strong nose, distributed training
a: no special abilities


You were on level 4 of the Dungeon.
You visited 1 branch of the dungeon, and saw 4 of its levels.

You collected 130 gold pieces.

Inventory:

Hand Weapons
 c - a +0 heavy war axe
 w - a +0 morningstar (weapon)
Armour
 s - a +0 robe (worn)
 t - a +0 helmet (worn)
Jewellery
 h - an amulet of regeneration (around neck)
 l - a +4 ring of protection (left hand)
 q - a ring of protection from fire (right hand)
Scrolls
 a - a scroll of enchant armour {unknown}
 d - 2 scrolls of amnesia {unknown}
 e - a scroll of blinking {unknown}
 g - a scroll of fear {unknown}
 k - 4 scrolls of teleportation {unknown}
 m - a scroll of silence {unknown}
 r - a scroll of identify {unknown}
 v - a scroll of enchant weapon {unknown}
Potions
 b - a potion of magic
 f - a potion of attraction {unknown}
 j - a potion of invisibility {unknown}
 n - a potion of flight
 o - 2 potions of haste {unknown}
 p - a potion of curing {unknown}
 u - a potion of degeneration {unknown}


   Skills:
 + Level 1.7 Fighting
 + Level 1.7 Short Blades
 + Level 1.7 Long Blades
 + Level 1.7 Axes
 + Level 1.7 Maces & Flails
 + Level 1.7 Polearms
 + Level 1.7 Staves
 + Level 1.7 Ranged Weapons
 + Level 1.7 Throwing
 + Level 1.7 Armour
 + Level 4.9 Dodging
 + Level 4.5 Stealth
 + Level 1.7 Shields
 + Level 1.7 Unarmed Combat
 + Level 5.2 Spellcasting
 + Level 2.5 Conjurations
 + Level 1.3 Hexes
 + Level 1.3 Summonings
 + Level 1.3 Necromancy
 + Level 1.3 Translocations
 + Level 1.3 Transmutations
 + Level 5.6 Fire Magic
 + Level 1.3 Ice Magic
 + Level 1.3 Air Magic
 + Level 1.3 Earth Magic
 + Level 1.3 Poison Magic
 + Level 1.9 Invocations
 + Level 1.7 Evocations


You had 11 spell levels left.
You knew the following spells:

 Your Spells              Type           Power      Damage    Failure   Level
a - Foxfire               Conj/Fire      68%        2x1d7     2%          1
b - Scorch                Fire           44%        2d6       2%          2

Your spell library contained the following spells:

 Spells                   Type           Power      Damage    Failure   Level
 Inner Flame              Hex/Fire       15%        N/A       11%         3
 Volatile Blastmotes      Fire/Tloc      30%        2d12      11%         3
 Cigotuvi's Dreadful Rot  Necr/Pois/Air  16%        N/A       13%         2
 Lesser Beckoning         Tloc           16%        N/A       13%         2
 Sublimation of Blood     Necr           8%         N/A       13%         2
 Wereblood                Tmut           8%         N/A       13%         2
 Gell's Gravitas          Tloc           8%         N/A       26%         3
 Teleport Other           Tloc           8%         N/A       26%         3
 Flame Wave               Conj/Fire      17%        2d7       28%         4
 Dispel Undead            Necr           8%         3d8       63%         4
 Death Channel            Necr           4%         N/A       100%        6
 Summon Hydra             Summ           4%         N/A       100%        7


Dungeon Overview and Level Annotations

Branches:
Dungeon (4/15)
 Temple: D:4-7

Altars:
Ashenzari
Ru

Shops:
D:4 *


Innate Abilities, Weirdness & Mutations

You have very sharp teeth.
Your uncanny sense of smell can sniff out nearby items.
Your experience applies equally to all skills.


Message History

The orc is heavily wounded.
You feel less confused.
The orc closely misses you. x2; Something hits you.
The worm bites you.
You hit the worm.
The worm is lightly wounded.
The orc hits you with a +0 hand axe. The orc hits you but does no damage.
The worm closely misses you.
You hit the worm.
The worm is moderately wounded.
The orc hits you with a +0 hand axe. The orc hits you with a +0 club.
You hear some strange, mumbled words.
A puff of flame appears from out of thin air!
The puff of flame hits you. You resist. The orc closely misses you.
The orc hits you with a +0 club. The orc priest completely misses you.
Something hits you but does no damage.
Unknown command.
Casting: Scorch (safe; 2% risk of failure)
Confirm with . or Enter, or press ? or * to list all spells.
Flames lash the worm.
The worm is almost dead.
The worm's fire resistance burns away.
The worm barely misses you.
The orc priest hits you but does no damage.
The orc hits you with a +0 club. The orc hits you with a +0 hand axe.
* * * LOW HITPOINT WARNING * * *
Something hits you but does no damage.
Unknown command.
Casting: Scorch (safe; 2% risk of failure)
Confirm with . or Enter, or press ? or * to list all spells.
Flames lash something.
The orc priest barely misses you. The orc hits you with a +0 hand axe.
* * * LOW HITPOINT WARNING * * *
Something hits you but does no damage. The orc closely misses you.
The worm barely misses you.
Unknown command.
It was a potion of flight.
You feel very buoyant.
You fly up into the air.
The orc hits you but does no damage.
The orc priest invokes the aid of Beogh against you.
Beogh smites you!
You die...

#.# #.# #### #### .# .#
#.######..## ##..## .# #.
#..........###....# #.#.#
####)..#.......∩.....####.#.# #
.......#......###...[#....#.# ..
.....#.#.#...#...#.......>..# ...
.....#.#.#.##...oo##.#......#....
####.#.#.#..####@w...#...........
#.#.#.#..# #{o...###.........
#.#.#.#..####.....# #.........
#.# #...###.......# #.........
#.# #.......# #....o(...
#......## ####...... #......#
...... #....#.# ###... #....#.#
.o.


You could see a worm (combustible), an orc priest and 2 orcs.

Vanquished Creatures
  An orc priest (D:2)
  An iguana (D:4)
  A gnoll (D:2)
  6 adders
  A dart slug (D:3)
  6 orcs
  6 ball pythons
  5 endoplasms
  4 giant cockroaches
  8 goblins
  3 hobgoblins
  6 jackals (D:2)
  6 quokkas
  7 bats
  A frilled lizard (D:1)
  2 kobolds (D:1)
  10 rats
74 creatures vanquished.

Vanquished Creatures (others)
  293 foxfires
293 creatures vanquished.

Grand Total: 367 creatures vanquished

Notes
Turn   | Place    | Note
-------+----------+-------------------------------------------
     0 | D:1      | retardedninja the Gnoll Fire Elementalist began the quest
                  | for the Orb.
     0 | D:1      | Reached XP level 1. HP: 13/13 MP: 6/6
   158 | D:1      | Found a faded altar of an unknown god.
   248 | D:1      | Reached XP level 2. HP: 19/19 MP: 2/7
  1065 | D:1      | Reached skill level 5 in Spellcasting
  1065 | D:1      | Reached XP level 3. HP: 25/25 MP: 4/9
  1386 | D:2      | Found a sacrificial altar of Ru.
  1423 | D:2      | Learned a level 2 spell: Scorch
  1608 | D:2      | Reached skill level 1 in Invocations
  1703 | D:2      | Reached skill level 1 in Fighting
  1703 | D:2      | Reached skill level 1 in Short Blades
  1703 | D:2      | Reached skill level 1 in Long Blades
  1703 | D:2      | Reached skill level 1 in Axes
  1703 | D:2      | Reached skill level 1 in Maces & Flails
  1703 | D:2      | Reached skill level 1 in Polearms
  1703 | D:2      | Reached skill level 1 in Staves
  1703 | D:2      | Reached skill level 1 in Ranged Weapons
  1703 | D:2      | Reached skill level 1 in Throwing
  1703 | D:2      | Reached skill level 1 in Armour
  1703 | D:2      | Reached skill level 1 in Shields
  1703 | D:2      | Reached skill level 1 in Unarmed Combat
  1703 | D:2      | Reached skill level 1 in Evocations
  1753 | D:2      | Reached XP level 4. HP: 32/32 MP: 6/11
  2004 | D:2      | Reached skill level 1 in Hexes
  2004 | D:2      | Reached skill level 1 in Summonings
  2004 | D:2      | Reached skill level 1 in Necromancy
  2004 | D:2      | Reached skill level 1 in Translocations
  2004 | D:2      | Reached skill level 1 in Transmutations
  2004 | D:2      | Reached skill level 1 in Ice Magic
  2004 | D:2      | Reached skill level 1 in Air Magic
  2004 | D:2      | Reached skill level 1 in Earth Magic
  2004 | D:2      | Reached skill level 1 in Poison Magic
  2743 | D:3      | Found a broken altar of Ashenzari.
  2906 | D:2      | Reached XP level 5. HP: 37/37 MP: 3/12
  4056 | D:4      | Found Rufeim's Neck Hole.
  4120 | D:4      | Killed from afar by an orc priest

Illustrated notes

Levels and vault maps discovered:
D:1:      dpeg_arrival_ratfight, layout_basic,
          shapermc_ecumenical_altar_mp_urbaneastern, minmay_misc_feat_diagonals
D:2:      layout_basic, basic_altar, hex_medium, minmay_tromino_v4_c
D:3:      layout_loops_ring, cheibrodos_ashenzari_chains,
          hangedman_decor_growths
D:4:      layout_basic, lemuel_mausoleum_altar_yredelemnul,
          nicolae_overflow_crystal_walls, serial_co_window_serial,
          co_window_paths_b, co_window_corner_a, co_window_paths_b,
          co_window_paths_a, co_window_corner_a, co_window_corner_a,
          co_window_paths_a, co_window_corner_a, co_window_paths_a,
          co_window_corner_ca, co_window_broadway_c, co_window_of_opportunity_b,
          co_window_cross_3, glass_columns_a, glass_columns_b,
          nicolae_shop_sticking_my_neck_out

Skill      XL: |  1  2  3  4 |
---------------+-------------+-----
Conjurations   | 2 |  2.5
Spellcasting   | 5 |  5.2
Invocations    | 1 |  1.9
Fighting       | 1 |  1.7
Short Blades   | 1 |  1.7
Long Blades    | 1 |  1.7
Axes           | 1 |  1.7
Maces & Flails | 1 |  1.7
Polearms       | 1 |  1.7
Staves         | 1 |  1.7
Ranged Weapons | 1 |  1.7
Throwing       | 1 |  1.7
Armour         | 1 |  1.7
Shields        | 1 |  1.7
Unarmed Combat | 1 |  1.7
Evocations     | 1 |  1.7
Hexes          | 1 |  1.3
Summonings     | 1 |  1.3
Necromancy     | 1 |  1.3
Translocations | 1 |  1.3
Transmutations | 1 |  1.3
Ice Magic      | 1 |  1.3
Air Magic      | 1 |  1.3
Earth Magic    | 1 |  1.3
Poison Magic   | 1 |  1.3
Dodging        | |  4.9
Stealth        | |  4.5
Fire Magic     | |  5.6

Action                     |  1- 3 |  4- 6 || total
---------------------------+-------+-------++-------
  Melee: Mace              |       |     1 ||     1
         Morningstar       |       |     4 ||     4
   Cast: Foxfire           |    84 |   104 ||   188
         Scorch            |     1 |    13 ||    14
    Use: Potion            |       |     4 ||     4
 Armour: Robe              |     4 |    17 ||    21
  Dodge: Dodged            |     9 |    40 ||    49

Table legend: (Time is in decaauts)
 A = Elapsed time spent in this place.
 B = Non-inter-level travel time spent in this place.
 C = Inter-level travel time spent in this place.
 D = Time resting spent in this place.
 E = Time spent auto-exploring this place.
 F = Levels seen in this place.
 G = Mean time per level.
                   A        B        C        D        E       F      G
               +--------+--------+--------+--------+--------+-----+--------+
         Total |   4120 |   4074 |     46 |    269 |   3142 |   4 | 1030.0 |
       Dungeon |   4120 |   4074 |     46 |    269 |   3142 |   4 | 1030.0 |
               +--------+--------+--------+--------+--------+-----+--------+

Top non-repeatable levels by time:
     D:2: 1421 daAuts
     D:1: 1299 daAuts
     D:3: 1263 daAuts
     D:4: 136 daAuts
